 Dungeon Crawl Stone Soup version 0.31.0-11-ge490571c62 (webtiles) character file.

Game seed: 17027355411035022953

30984 hawla the Tortoise (level 13, 0/107 HPs)
             Began as a Minotaur Fighter on Feb 5, 2024.
             Slain by an orc warrior
             ... wielding a +0 dire flail
              (11 damage)
             ... on level 2 of the Orcish Mines on Feb 6, 2024.
             The game lasted 00:52:50 (19149 turns).

hawla the Tortoise (Minotaur Fighter)              Turns: 19149, Time: 00:52:52

Health: 0/107      AC: 29    Str: 23    XL:     13   Next: 23%
Magic:  12/12      EV: 10    Int:  5    God:
Gold:   822        SH:  8    Dex: 13    Spells: 12/12 levels left

rFire   + . .        j - +1 short sword (venom)
rCold   . . .        B - +3 buckler {AC+3}
rNeg    . . .        I - +1 plate armour
rPois   .            M - +2 hat {SInv}
rElec   .            n - scarf {repulsion}
rCorr   .            q - +1 pair of gloves
SInv    +            y - +1 pair of boots
Will    .....        e - amulet of the acrobat Stlth
                     r - ring of protection from fire
HPRegen 0.37/turn    (no ring)
MPRegen 0.13/turn

%: repel missiles, acrobat
@: studying Earth Magic, invisible
A: horns 2, retaliatory headbutt
a: no special abilities


You were on level 2 of the Orcish Mines.
You visited 3 branches of the dungeon, and saw 17 of its levels.

You collected 1017 gold pieces.
You spent 195 gold pieces at shops.

Inventory:

Hand Weapons
 a - a +0 long sword of chaos
 j - a +1 short sword of venom (weapon)
 D - a +1 scimitar of flaming
 L - a +6 scimitar
Missiles
 f - 14 boomerangs
 l - 65 poisoned darts (quivered)
 z - 4 curare-tipped darts
Armour
 n - a scarf of repulsion (worn)
 o - a scarf of resistance
 q - a +1 pair of gloves (worn)
 y - a +1 pair of boots (worn)
 B - a +3 buckler of protection (worn)
 I - a +1 plate armour (worn)
 M - a +2 hat of see invisible (worn)
Jewellery
 e - an amulet of the acrobat (around neck)
 i - an amulet of magic regeneration
 r - a ring of protection from fire (left hand)
 x - a ring of protection from fire
 E - an amulet of faith
Wands
 b - a wand of charming (17)
 t - a wand of mindburst (10)
 v - a wand of light (2)
 w - a wand of flame (15)
 H - a wand of polymorph (3)
Scrolls
 h - 7 scrolls of amnesia
 u - a scroll of revelation
 J - 4 scrolls of identify
Potions
 c - a potion of curing
 d - 8 potions of might
 m - a potion of brilliance
 p - 2 potions of haste
 s - 3 potions of enlightenment
 A - 2 potions of resistance
 C - 2 potions of lignification {unknown}
 G - a potion of berserk rage {unknown}


   Skills:
 - Level 8.0 Fighting
 - Level 9.8(12.1) Short Blades
 - Level 12.3(14.0) Long Blades
 + Level 2.5 Throwing
 - Level 18.0 Armour
 - Level 6.0 Dodging
 - Level 5.0 Shields
 - Level 5.0 Evocations


You had 12 spell levels left.
You didn't know any spells.
Your spell library was empty.

Dungeon Overview and Level Annotations

Branches:
Dungeon (13/15)            Temple (0/1) D:7            Lair (2/5) D:11
    Orc (2/2) D:12
  Swamp: Lair:2-3    Shoals: Lair:2-3     Snake: Lair:2-3    Spider: Lair:2-3
    Elf: Orc:2       Vaults: D:13-14

Altars:
Dithmenos
Elyvilon
Gozag
Kikubaaqudgha
Okawaru
Ru
Sif Muna
Trog
Uskayaw
Wu Jian
Xom
Yredelemnul

Shops:
D:7 [   D:11 (

Annotations:
D:13 2 runed translucent doors, Leinaam's ghost, journeyman MiBe


Innate Abilities, Weirdness & Mutations

You have a pair of horns on your head.
You reflexively headbutt those who attack you in melee.


Message History

Your headbutt misses the orc warrior.
The orc warrior is lightly wounded.
The orc hits you but does no damage. x2; The orc warrior barely misses you.
You catch the helpless orc warrior completely off-guard!
You puncture the orc warrior!
The orc warrior looks as sick as possible!
You headbutt the orc warrior!
The orc warrior is almost dead.
You hit the orc priest.
The orc priest is poisoned.
You headbutt the orc priest, but do no damage.
The orc priest is lightly wounded.
The orc hits you but does no damage. The orc priest closely misses you.
You furiously retaliate!
You headbutt the orc priest!
You kill the orc priest!
The orc closely misses you. You furiously retaliate!
You headbutt the orc! The orc warrior barely misses you.
You furiously retaliate!
You headbutt the orc warrior.
You kill the orc warrior!
You hit the orc.
You kill the orc!
You hit the orc.
The orc is poisoned.
Your headbutt misses the orc.
The orc is severely wounded.
The orc closely misses you.
You hit the orc warrior.
You headbutt the orc warrior, but do no damage.
The orc warrior is lightly wounded.
You completely miss the orc warrior. Your headbutt misses the orc warrior.
The orc warrior is lightly wounded.
You block the orc's attack. You block the orc warrior's attack.
The orc closely misses you.
You hit the orc warrior but do no damage.
The orc warrior is poisoned.
Your headbutt misses the orc warrior.
The orc warrior is lightly wounded.
You catch the helpless orc warrior completely off-guard!
You hit the orc warrior.
The orc warrior is moderately wounded.
You kill the orc!
You block the orc's attack.
The orc warrior hits you with a +0 dire flail!
You die...

#.$.. ## .....
.# +#. ......
.###... ......
....... .....§#
.......
.....§.#§§.....
#...§o§§§.....
#..§)@§§§.o..
#..§§§oo§..#..
##.#§§§§§...#
##........##
#...#......
.... .......
##... .......
#.#. ...#...


You could see an orc warrior (unable to see you, poisoned) and 2 orcs.

Vanquished Creatures
  Gastronok (Orc:1)
  A hydra (D:13)
  A catoblepas (D:13)
  A boulder beetle (D:11)
  4 centaur warriors (D:13)
  A tengu warrior (D:13)
  3 death yaks
  3 two-headed ogres
  Urug (Lair:1)
  Pikel (D:5)
  An ugly thing (D:12)
  A deep elf pyromancer (D:13)
  A manticore (D:13)
  2 cyclopes
  A kobold blastminer (Orc:1)
  A black mamba (Lair:2)
  A gargoyle (D:12)
  4 cane toads
  An unseen horror (D:12)
  A rime drake (Lair:2)
  A smoke demon (D:10)
  A komodo dragon (Lair:2)
  4 kobold demonologists
  An efreet (D:13)
  A tengu conjurer (D:13)
  2 hellwings (D:10)
  A polar bear (Lair:1)
  3 trolls
  A red devil (D:10)
  A jumping spider (shapeshifter) (D:13)
  2 shadows
  Sigmund (D:5)
  4 slime creatures (D:12)
  A wyvern (D:5)
  21 yaks
  A spriggan (shapeshifter) (D:10)
  A vampire (D:10)
  A basilisk (D:13)
  Grum (D:11)
  4 steam dragons
  2 wargs
  5 vampire mosquitoes (D:12)
  An acid dragon (D:9)
  7 water moccasins
  An ice beast (D:7)
  7 orc warriors
  A black bear (D:5)
  A sky beast (D:8)
  8 wolves
  16 centaurs
  3 ogres (Orc:1)
  5 kobold brigands
  8 bullfrogs
  3 scorpions
  10 killer bees
  A howler monkey (D:5)
  A hound (D:6)
  15 orc priests
  A jelly (D:8)
  Terence (D:3)
  Natasha (D:3)
  Ijyb (D:5)
  13 orc wizards
  3 gnolls (D:6)
  9 adders
  A white imp (D:6)
  4 ribbon worms
  2 dart slugs (D:3)
  50 orcs
  9 bats
  9 endoplasms
  2 giant cockroaches
  7 goblins
  9 hobgoblins
  21 kobolds
  5 quokkas
  7 ball pythons
  2 frilled lizards (D:2)
  2 rats
338 creatures vanquished.

Vanquished Creatures (collateral kills)
  A ball python (D:2)
  A frilled lizard (D:2)
2 creatures vanquished.

Vanquished Creatures (others)
  An arcanist (D:10)
  A vampire mosquito (D:12)
  An electric eel (D:12)
  An adder (D:2)
4 creatures vanquished.

Grand Total: 344 creatures vanquished

Notes
Turn   | Place    | Note
-------+----------+-------------------------------------------
     0 | D:1      | hawla the Minotaur Fighter began the quest for the Orb.
     0 | D:1      | Reached XP level 1. HP: 19/19 MP: 0/0
   354 | D:1      | Reached XP level 2. HP: 24/26 MP: 1/1
   935 | D:2      | Reached skill level 5 in Shields
   939 | D:2      | Reached skill level 1 in Dodging
   939 | D:2      | Reached XP level 3. HP: 26/31 MP: 2/2
  1194 | D:2      | Found a basalt altar of Yredelemnul.
  1668 | D:3      | Reached XP level 4. HP: 24/39 MP: 3/3
  1865 | D:3      | Found a faded altar of an unknown god.
  1907 | D:3      | Found an ancient bone altar of Kikubaaqudgha.
  1910 | D:3      | Found an iron altar of Okawaru.
  1910 | D:3      | Noticed Terence
  1919 | D:3      | Killed Terence
  1920 | D:3      | Reached XP level 5. HP: 23/45 MP: 4/4
  2181 | D:3      | Noticed Natasha
  2186 | D:3      | Killed Natasha
  2606 | D:3      | Found a shimmering blue altar of Sif Muna.
  2627 | D:3      | Reached skill level 5 in Dodging
  2934 | D:4      | Reached XP level 6. HP: 36/51 MP: 5/5
  3057 | D:4      | Found an opulent altar of Gozag.
  3209 | D:4      | Reached skill level 1 in Evocations
  3719 | D:5      | Entered Level 5 of the Dungeon
  3724 | D:5      | Noticed a water moccasin
  3735 | D:5      | Killed a water moccasin
  3961 | D:5      | Reached XP level 7. HP: 57/57 MP: 6/6
  4015 | D:5      | Found a white marble altar of Elyvilon.
  4015 | D:5      | Noticed Pikel
  4030 | D:5      | Killed Pikel
  4031 | D:5      | Reached skill level 5 in Evocations
  4035 | D:5      | Reached XP level 8. HP: 61/66 MP: 7/7
  4153 | D:5      | Identified the +6 spear of Aziacif {venom, Str-3 Dex+6}
  4169 | D:5      | Reached skill level 5 in Fighting
  4259 | D:5      | Noticed Ijyb
  4269 | D:5      | Killed Ijyb
  4335 | D:5      | Noticed Sigmund
  4348 | D:5      | Killed Sigmund
  4852 | D:6      | Reached skill level 5 in Short Blades
  5302 | D:6      | Reached XP level 9. HP: 66/81 MP: 8/8
  5911 | D:7      | Found Isiytuedgh's Antique Armour Shop.
  5941 | D:7      | Bought a shiny buckler for 195 gold pieces
  6087 | D:7      | Found a staircase to the Ecumenical Temple.
  7573 | D:9      | Noticed a troll
  7579 | D:9      | Noticed a two-headed ogre
  7586 | D:8      | Reached skill level 4 in Armour
  7599 | D:8      | Killed a troll
  7768 | D:9      | Killed a two-headed ogre
  7769 | D:9      | Reached skill level 5 in Armour
  7769 | D:9      | Reached XP level 10. HP: 79/88 MP: 9/9
  7859 | D:9      | Reached skill level 5 in Long Blades
  8243 | D:9      | Reached skill level 6 in Armour
  8276 | D:9      | Found a sacrificial altar of Ru.
  8318 | D:9      | Found an ornate altar of the Wu Jian Council.
  8549 | D:9      | Found a shimmering altar of Xom.
  8808 | D:10     | Entered Level 10 of the Dungeon
  8914 | D:10     | Reached skill level 7 in Armour
  9069 | D:10     | Found a shadowy altar of Dithmenos.
  9129 | D:10     | Noticed a smoke demon
  9177 | D:10     | Killed a smoke demon
  9319 | D:10     | Reached skill level 8 in Armour
  9401 | D:10     | Found a hide-covered altar of Uskayaw.
  9728 | D:10     | Reached skill level 9 in Armour
  9997 | D:10     | Found a bloodstained altar of Trog.
  9998 | D:10     | Noticed a wizard
 10004 | D:10     | Killed a wizard
 10196 | D:10     | Identified a scroll of acquirement
 10196 | D:10     | Acquired a manual of Earth Magic
 10400 | D:11     | Noticed Grum
 10407 | D:11     | Noticed a cyclops
 10697 | D:11     | Killed a cyclops
 10698 | D:11     | Reached XP level 11. HP: 61/94 MP: 10/10
 10711 | D:11     | Killed Grum
 11120 | D:11     | Noticed a boulder beetle
 11142 | D:11     | Killed a boulder beetle
 11229 | D:11     | Found Axeschys's Weapon Shoppe.
 11329 | D:11     | Reached skill level 10 in Armour
 11370 | D:11     | Noticed a death yak
 11370 | D:11     | Noticed a death yak
 11372 | D:11     | Found a staircase to the Lair.
 11372 | D:11     | Noticed a death yak
 11405 | D:10     | Killed a death yak
 11406 | D:10     | Reached skill level 10 in Long Blades
 11804 | D:11     | Noticed a two-headed ogre
 11817 | D:11     | Killed a two-headed ogre
 11818 | D:11     | Reached skill level 11 in Armour
 11991 | D:11     | Noticed a two-headed ogre
 12005 | D:11     | Killed a two-headed ogre
 12152 | D:10     | Killed a death yak
 12452 | D:11     | Killed a death yak
 12467 | D:11     | Reached skill level 12 in Armour
 12754 | D:12     | Found a staircase to the Orcish Mines.
 12790 | D:12     | Reached XP level 12. HP: 43/101 MP: 11/11
 13399 | D:12     | Identified the +3 chain mail of the Endless Expanse {rC-
                  | MP-9 Dex+4 SInv}
 13609 | D:13     | Reached skill level 13 in Armour
 13689 | D:13     | Noticed a centaur warrior
 13692 | D:13     | Noticed a centaur warrior
 13720 | D:13     | Killed a centaur warrior
 13724 | D:13     | Killed a centaur warrior
 13964 | D:13     | Noticed a catoblepas
 13986 | D:13     | Killed a catoblepas
 13987 | D:13     | Reached skill level 14 in Armour
 14523 | D:13     | Noticed an eight-headed hydra
 14541 | D:13     | Killed a five-headed hydra
 14544 | D:13     | Noticed a tengu warrior
 14567 | D:13     | Reached skill level 15 in Armour
 14659 | D:13     | HP: 1/101 [tengu warrior/+0 great sword (16)]
 14674 | D:13     | Killed a tengu warrior
 14954 | D:13     | Noticed a centaur warrior
 14975 | D:13     | Killed a centaur warrior
 15308 | D:13     | Noticed a tengu warrior
 15308 | D:13     | Noticed a lich
 15308 | D:13     | Noticed Leinaam's ghost (journeyman MiBe)
 15309 | D:13     | Noticed a yaktaur captain
 15337 | D:13     | Found a runed translucent door.
 15341 | D:13     | Noticed an ettin
 15347 | D:13     | Found a runed translucent door.
 15372 | D:13     | Reached skill level 16 in Armour
 15540 | D:13     | Noticed a centaur warrior
 15562 | D:13     | Killed a centaur warrior
 15809 | Lair:1   | Entered Level 1 of the Lair of Beasts
 15810 | Lair:1   | Noticed Urug
 15832 | Lair:1   | Killed Urug
 16250 | Lair:1   | Reached skill level 17 in Armour
 16520 | Lair:1   | Reached XP level 13. HP: 25/107 MP: 12/12
 18484 | Orc:1    | Entered Level 1 of the Orcish Mines
 18709 | Orc:1    | Noticed Gastronok
 19130 | Orc:1    | Killed Gastronok
 19131 | Orc:1    | Reached skill level 18 in Armour
 19135 | Orc:2    | Entered Level 2 of the Orcish Mines
 19149 | Orc:2    | Slain by an orc warrior

Illustrated notes

Levels and vault maps discovered:
D:1:      matt_arrival_refuge, layout_basic, serial_bayou_lagoon_b
D:2:      minmay_recursive_quarters, layout_loops_ring, basic_altar
D:3:      layout_basic, nicolae_overflow_squiral, kennysheep_orc_sif_temple,
          hellmonk_ecumenical_altar_inner_sanctum, uniq_terence, uniq_natasha
D:4:      layout_loops_ring, pf_just_have_faith
D:5:      layout_loops_ring, lemuel_crystal_altar, uniq_pikel, uniq_ijyb,
          uniq_sigmund
D:6:      layout_loops_ring, blue_anna_alchemist
D:7:      wander_river, layout_loops_ring, minmay_temple_entry_gardened_gates,
          serial_shops, shop
D:8:      layout_loops_corners, kennysheep_donut
D:9:      layout_gridville, mainiacjoe_overflow_surrounded_room,
          nicolae_wu_jian_wuxing_cycle, xom_teletrap_fun,
          kb_lookout_dungeons_type, st_stairs_9
D:10:     layout_loops_ring, kennysheep_mini_moat, nicolae_uskayaw_dance_studio,
          trog_wizard, nicolae_where_there's_smoke
D:11:     layout_roguey, dpeg_lair_monsters, serial_shops,
          nicolae_shop_tiny_statue_garden, uniq_grum
D:12:     layout_loops_ring, minmay_orc_entry_guard_dogs, lemuel_freeze_loot_1
D:13:     layout_loops_ring, muffindrake_ghost_dual_entry
Lair:1:   layout_chaotic_city, uniq_urug
Lair:2:   layout_chaotic_city, cheibrodos_lair_reptile_den
Orc:1:    layout_caves, blackcustard_mines_bat_river, uniq_gastronok
Orc:2:    st_orc_elflike, layout_caves, serial_shops,
          nicolae_shop_rolling_square

Skill      XL: |  1  2  3  4  5  6  7  8  9 10 11 12 13 |
---------------+----------------------------------------+-----
Shields        | 4 5 |  5.0
Dodging        | 1 3 4 5 6 |  6.0
Evocations     | 3 5 |  5.0
Short Blades   | 3 5 9 |  9.8
Fighting       | 4 8 |  8.0
Long Blades    | 4 9 12 | 12.3
Armour         | 5 9 12 17 18 | 18.0
Throwing       | 2 |  2.5

Action                     |  1- 3 |  4- 6 |  7- 9 | 10-12 | 13-15 || total
---------------------------+-------+-------+-------+-------+-------++-------
  Melee: Long sword        |    74 |       |       |    54 |       ||   128
         Headbutt          |     9 |    39 |    73 |   267 |    68 ||   456
         Short sword       |    10 |   180 |   302 |   914 |   261 ||  1667
         Scimitar          |       |       |       |     7 |       ||     7
  Throw: Boomerang         |       |       |       |    19 |       ||    19
         Dart              |       |       |       |     4 |       ||     4
  Evoke: Wand              |     1 |       |     2 |    25 |       ||    28
    Use: Scroll            |     2 |     3 |     4 |    15 |     6 ||    30
         Potion            |       |       |       |     8 |     1 ||     9
   Stab: Invisible         |       |       |       |     6 |     4 ||    10
 Armour: Scale mail        |    10 |       |       |       |       ||    10
         Chain mail        |    86 |    81 |   155 |   136 |       ||   458
         Plate armour      |       |       |       |   571 |    81 ||   652
  Dodge: Dodged            |    50 |    63 |   104 |   396 |    93 ||   706
         Repelled          |       |       |       |       |     4 ||     4
  Block: Buckler           |    28 |    38 |    59 |   348 |    65 ||   538
